 Dungeon Crawl Stone Soup version 0.32-a0-975-g85d4e5bfdb (webtiles) character file.

Game seed: 16334330828503554617

72236 LostInTranslocation the Arsonist (level 15, 0/121 HPs)
             Began as a Demonspawn Cinder Acolyte on Apr 17, 2024.
             Was a Believer of Ignis.
             Incinerated by osoart's ghost (7 damage)
             ... with a sticky flame
             ... on level 5 of the Lair of Beasts on Apr 20, 2024.
             The game lasted 02:59:06 (25421 turns).

LostInTranslocation the Arsonist (DsCA)            Turns: 25421, Time: 02:59:07

Health: 0/121      AC: 37    Str: 17    XL:     15   Next: 0%
Magic:  29/29      EV: 12    Int: 18    God:    Ignis [**....]
Gold:   984        SH:  0    Dex: 10    Spells: 4/34 levels left

rFire   + . .        a - +4 lajatang (flame)
rCold   + . .        (shield currently unavailable)
rNeg    . . .        I - +2 ring mail {rPois}
rPois   +            P - +1 hat
rElec   .            l - +2 cloak
rCorr   .            s - +2 pair of gloves
SInv    .            M - +2 pair of boots
Will    +....        (no amulet) Stlth
                     t - +4 ring of protection
HPRegen 0.40/turn    V - +4 ring of protection
MPRegen 0.42/turn

%: no passive effects
@: on fire, fiery-armoured, glowing, studying Unarmed Combat
A: horns 2, icy blue scales 3, robust 1, spiny 2, magic regeneration
a: Renounce Religion, Fiery Armour, Foxfire Swarm


You were on level 5 of the Lair of Beasts.
You worshipped Ignis.
Ignis was pleased with you.
You visited 3 branches of the dungeon, and saw 16 of its levels.
You also visited: Sewer and Volcano.

You collected 3099 gold pieces.
You spent 2115 gold pieces at shops.

Inventory:

Hand Weapons
 a - a +4 lajatang of flaming (weapon)
 c - a +5 spear of venom
 d - a +2 flail of protection
Missiles
 p - 32 boomerangs (quivered)
 G - 2 throwing nets
 R - 4 curare-tipped darts
Armour
 h - a +3 leather armour of fire resistance
 l - a +2 cloak (worn)
 s - a +2 pair of gloves (worn)
 A - a +0 troll leather armour
 I - a +2 ring mail of poison resistance (worn)
 L - a +2 buckler of positive energy
 M - a +2 pair of boots (worn)
 P - a +1 hat (worn)
Magical Staves
 b - a staff of fire
 f - a staff of alchemy
Jewellery
 g - a +6 ring of dexterity
 i - a ring of positive energy
 m - a +6 ring of dexterity
 r - a +6 ring of dexterity
 t - a +4 ring of protection (left hand)
 y - a ring of wizardry
 O - a ring of poison resistance
 U - an amulet of guardian spirit
 V - a +4 ring of protection (right hand)
Wands
 k - a wand of paralysis (6)
 B - a wand of warping (4)
 K - a wand of polymorph (3)
 S - a wand of digging (3)
 W - a wand of flame (51)
Scrolls
 j - a scroll of fog
 q - a scroll of fear
 w - 4 scrolls of noise
 z - 3 scrolls of identify
 D - a scroll of brand weapon
 E - a scroll of poison
 F - 4 scrolls of blinking
 J - 2 scrolls of amnesia
 Q - 2 scrolls of revelation
 T - 4 scrolls of vulnerability
 Y - a scroll of teleportation
Potions
 e - a potion of might
 n - 8 potions of haste
 o - 4 potions of ambrosia
 u - 5 potions of attraction
 v - 2 potions of curing
 x - 3 potions of brilliance
 C - 3 potions of heal wounds
 H - a potion of invisibility
 N - 3 potions of cancellation
 X - 3 potions of mutation
 Z - a potion of resistance


   Skills:
 - Level 8.0 Fighting
 - Level 6.2(7.0) Axes
 - Level 1.4(7.6) Maces & Flails
 - Level 4.3(8.8) Polearms
 - Level 10.0(10.4) Staves
 - Level 5.0 Armour
 - Level 7.3 Dodging
 - Level 5.0 Shields
 - Level 10.1 Spellcasting
 - Level 4.1 Translocations
 + Level 10.9 Fire Magic
 - Level 10.0 Air Magic


You had 4 spell levels left.
You knew the following spells:

 Your Spells              Type           Power      Damage    Failure   Level
a - Scorch                Fire           96%        2d9       1%          2
c - Inner Flame           Hex/Fire       28%        N/A       4%          3
d - Passage of Golubria   Tloc           23%        N/A       26%         4
e - Plasma Beam           Fire/Air       23%        2x1d35    28%         6
f - Lesser Beckoning      Tloc           46%        N/A       3%          2
g - Apportation           Tloc           46%        N/A       2%          1
h - Swiftness             Air            45%        N/A       1%          3
i - Airstrike             Air            22%        2d(4-20)  2%          4
j - Passwall              Erth           9%         N/A       38%         3
y - Blink                 Tloc           46%        N/A       3%          2

Your spell library contained the following spells:

 Spells                   Type           Power      Damage    Failure   Level
 Shock                    Conj/Air       100%       1d9       1%          1
 Momentum Strike          Conj/Tloc      32%        3d8       9%          2
 Freeze                   Ice            36%        1d5       14%         1
 Kiss of Death            Conj/Necr      36%        2d8       14%         1
 Necrotise                Necr           36%        1d5       14%         1
 Sandblast                Erth           18%        2d7       14%         1
 Sting                    Conj/Alch      36%        1d5       14%         1
 Summon Small Mammal      Summ           36%        N/A       14%         1
 Dazzling Flash           Conj/Hex       18%        N/A       38%         3
 Frozen Ramparts          Ice            18%        1d3       38%         3
 Hailstorm                Conj/Ice       9%         3d6       38%         3
 Stone Arrow              Conj/Erth      18%        3d8       38%         3
 Summon Ice Beast         Ice/Summ       9%         N/A       38%         3
 Starburst                Conj/Fire      14%        6d6       92%         6
 Iskenderun's Battlesphe  Conj           9%         2d6       98%         5
 Gell's Gavotte           Tloc           11%        2d(16-24) 98%         6
 Chain Lightning          Conj/Air       13%        3d18      100%        9
 Fire Storm               Conj/Fire      14%        8d4       100%        9
 Shatter                  Erth           4%         3d8*      100%        9


Dungeon Overview and Level Annotations

Branches:
Dungeon (9/15)             Temple (0/1) D:6            Lair (5/5) D:8
  Swamp (0/4) Lair:3        Snake (0/4) Lair:3        Slime (0/5) Lair:5
    Orc (2/2) D:9             Elf (0/3) Orc:2         Sewer (visited)
Volcano (visited)

Altars:
Cheibriados
Makhleb
Sif Muna
Uskayaw
Vehumet
Yredelemnul

Shops:
D:7 :   D:8 *   Orc:2 ???:*[

Annotations:
Lair:2 1 runed translucent door, exclusion: 2 oklob plants, bakla's ghost, journeyman CoGl
Lair:4 exclusion: oklob plant
Lair:5 exclusion: obsidian statue


Innate Abilities, Weirdness & Mutations

You have a pair of horns on your head.
You are completely covered in icy blue scales. (AC +4, rC+)
You are robust. (+10% HP)
You are mostly covered in sharp spines.
You regenerate magic rapidly.


Message History

You take 7 damage, and have 37/105 hp.
You barely miss osoart's ghost.
Osoart's ghost is almost destroyed.
The liquid fire burns you!
Osoart's ghost is struck by your spines.
You destroy osoart's ghost!
You have reached level 15!
Your experience leads to an increase in your attributes!
Increase (S)trength, (I)ntelligence, or (D)exterity?
You feel clever. x2; Your demonic ancestry asserts itself...
You feel robust.
You take 5 damage, and have 32/121 hp.
MP restored: 29 Unknown command.
As you read the scroll of teleportation, it crumbles to dust.
You feel strangely unstable. The liquid fire burns you!
* * * LOW HITPOINT WARNING * * *
The komodo dragon barely misses you.
You take 8 damage, and have 24/121 hp.
You barely miss the komodo dragon. The liquid fire burns you!
* * * LOW HITPOINT WARNING * * *
You take 3 damage, and have 21/121 hp.
You closely miss the komodo dragon.
You headbutt the komodo dragon, but do no damage.
The liquid fire burns you!
* * * LOW HITPOINT WARNING * * *
The komodo dragon bites you.
* * * LOW HITPOINT WARNING * * *
You take 10 damage, and have 11/121 hp.
You barely miss the komodo dragon. Your headbutt misses the komodo dragon.
The liquid fire burns you!
* * * LOW HITPOINT WARNING * * *
Your surroundings suddenly seem different.
You take 4 damage, and have 7/121 hp.
You shake off some of the fire as you move.
The liquid fire burns you!
You die...
Ignis goes out, and joins you in death.

..##...P....#..#.##.##..##...#
..............#.###÷....##...#
...#...........)....<...♣#...####
###...#....#.........÷..♣#...'..ß
####..##...##.##..#.##...######..
.# #.......#####...##....♣###....
.###...#.....###..........♣##.###
P#...........###..........♣##.#..
................@.........♣#..#..
P.[....#........<.........##.##..
......P..#.###.#....#....###.#...
..[.................#...♣#...#ß.ß
.........P#..÷÷#.###....##.####'#
####.....####.#### ##...#..#~..)#
...#...#..# ### #..P.#.##~≈~..
...#.....## ###...#.#~~≈≈~~
)..'..##.# ##.....#.#.~≈≈≈~


There were no monsters in sight!

Vanquished Creatures
  Gastronok (D:8)
  3 dire elephants (Lair:5)
  The ghost of osoart the Eclecticist, a journeyman SpAl of Dithmenos (Lair:5)
  A hydra (Lair:5)
  Erolcha (D:9)
  A boulder beetle (Lair:5)
  A two-headed ogre (Orc:2)
  A hell hog (Volcano)
  3 death yaks (Lair:3)
  6 orc high priests
  A fire crab (Volcano)
  3 skysharks
  A spectral anaconda (Lair:5)
  Pikel (D:8)
  3 necromancers (Lair:5)
  3 orc knights (Orc:2)
  2 lindwurms
  2 manticores (Lair:2)
  4 black mambas
  29 elephants
  A kobold blastminer (Orc:2)
  2 molten gargoyles (Volcano)
  A dire elephant zombie (Lair:5)
  18 cane toads
  3 rime drakes
  Psyche (D:9)
  2 dire elephant skeletons (Lair:5)
  9 komodo dragons
  4 trolls
  3 polar bears
  A queen bee (Lair:2)
  23 blink frogs
  10 dream sheep (Lair:4)
  Sigmund (D:6)
  A spriggan (Lair:1)
  6 wyverns
  37 yaks
  8 fire bats (Volcano)
  8 basilisks
  A warg (D:9)
  4 vampire mosquitoes (Lair:3)
  2 spectral cane toads (Lair:5)
  2 steam dragons
  2 nagas (Lair:3)
  23 water moccasins
  A hell hound (Volcano)
  2 black bears
  26 orc warriors
  6 ogres
  An elephant zombie (Lair:5)
  36 wolves
  A lemure (D:8)
  3 centaurs
  2 elephant skeletons (Lair:5)
  A kobold brigand (D:6)
  9 bullfrogs
  Blork the orc (D:5)
  2 gnoll sergeants (D:9)
  2 cane toad simulacra (Lair:5)
  5 scorpions
  8 wights
  An elephant simulacrum (Lair:5)
  28 killer bees (Lair:2)
  2 electric eels
  2 bombardier beetles
  8 lava snakes (Volcano)
  4 hounds
  A jelly (D:6)
  A gnoll bouda (D:8)
  An iguana (D:8)
  33 orc priests
  An iron imp (D:4)
  A sleepcap (D:5)
  Jessica (D:2)
  Terence (D:2)
  13 orc wizards
  12 adders
  10 gnolls
  2 shadow imps
  2 white imps
  A dart slug (D:2)
  3 ribbon worms
  77 orcs
  11 endoplasms
  5 giant cockroaches
  4 hobgoblins
  9 jackals
  6 quokkas
  7 ball pythons
  8 bats
  2 frilled lizards
  8 goblins
  10 kobolds
  5 rats
627 creatures vanquished.

Vanquished Creatures (others)
  5 foxfires (D:8)
5 creatures vanquished.

Grand Total: 632 creatures vanquished

Notes
Turn   | Place    | Note
-------+----------+-------------------------------------------
     0 | D:1      | LostInTranslocation the Demonspawn Cinder Acolyte began the
                  | quest for the Orb.
     0 | D:1      | Reached XP level 1. HP: 18/18 MP: 2/2
   494 | D:1      | Gained mutation: You regenerate magic rapidly. [demonic
                  | ancestry]
   494 | D:1      | Reached XP level 2. HP: 17/24 MP: 3/3
  1129 | D:2      | Reached XP level 3. HP: 21/30 MP: 4/4
  1419 | D:2      | Upgraded the game from 0.32-a0-960-g3814254bd7 to
                  | 0.32-a0-975-g85d4e5bfdb
  1483 | D:2      | You fall into a shaft and drop 1 floor!
  1515 | D:3      | Learned a level 2 spell: Scorch
  1700 | D:3      | Found a glowing drain.
  1764 | D:3      | Reached XP level 4. HP: 24/38 MP: 0/5
  1812 | D:3      | Learned a level 2 spell: Blink
  1875 | Sewer    | Entered a sewer
  1924 | Sewer    | Noticed a brain worm
  2312 | D:2      | Noticed Terence
  2414 | D:2      | Killed Terence
  2415 | D:2      | Reached skill level 1 in Maces & Flails
  2415 | D:2      | Reached XP level 5. HP: 30/43 MP: 0/6
  2525 | D:2      | Noticed Jessica
  2527 | D:2      | Killed Jessica
  3039 | D:3      | Found a hide-covered altar of Uskayaw.
  3536 | D:4      | Gained mutation: You have a pair of small horns on your
                  | head. [demonic ancestry]
  3536 | D:4      | Reached XP level 6. HP: 49/49 MP: 5/10
  3796 | D:4      | Reached skill level 1 in Armour
  3796 | D:4      | Reached skill level 1 in Dodging
  4018 | D:4      | Found a burning altar of Makhleb.
  4381 | D:5      | Entered Level 5 of the Dungeon
  4819 | D:5      | Gained mutation: You have a pair of horns on your head.
                  | [demonic ancestry]
  4819 | D:5      | Reached XP level 7. HP: 22/55 MP: 6/11
  5199 | D:5      | Reached skill level 5 in Fire Magic
  5450 | D:5      | Reached skill level 5 in Axes
  5469 | D:5      | Found a radiant altar of Vehumet.
  5569 | D:5      | Noticed Blork the orc
  5578 | D:5      | Killed Blork the orc
  5579 | D:5      | Gained mutation: You are partially covered in icy blue
                  | scales. (AC +2) [demonic ancestry]
  5579 | D:5      | Reached XP level 8. HP: 47/61 MP: 6/12
  5967 | D:6      | Found a basalt altar of Yredelemnul.
  5996 | D:6      | Found a staircase to the Ecumenical Temple.
  6172 | D:6      | Noticed Sigmund
  6801 | D:6      | Reached skill level 1 in Translocations
  6928 | D:7      | Reached skill level 5 in Fighting
  7005 | D:7      | Found a snail-covered altar of Cheibriados.
  7379 | D:7      | Found Lyrpho's Tremendous Tomes.
  7775 | D:7      | Identified a scroll of acquirement
  7775 | D:7      | Acquired a staff of fire
  7816 | D:8      | Noticed Gastronok
  7892 | D:8      | Noticed Pikel
  7917 | D:8      | Killed Pikel
  7918 | D:8      | Gained mutation: You are partially covered in sharp spines.
                  | [demonic ancestry]
  7918 | D:8      | Reached XP level 9. HP: 45/68 MP: 2/15
  8241 | D:8      | Noticed a komodo dragon
  8299 | D:8      | Killed a komodo dragon
  8604 | D:8      | Learned a level 1 spell: Apportation
  8607 | D:8      | Learned a level 2 spell: Lesser Beckoning
  8737 | D:8      | Got Juse's Papyrus of the Isometric Throng
  8828 | D:8      | Found a staircase to the Lair.
  8927 | D:8      | Found Ijiu's CLEARANCE SALE!.
  9109 | D:9      | Reached skill level 5 in Spellcasting
  9136 | D:9      | Noticed a troll
  9140 | D:9      | Killed a troll
  9300 | D:9      | Noticed Psyche
  9300 | D:9      | Noticed Erolcha
  9373 | D:9      | Gained mutation: You are mostly covered in sharp spines.
                  | [demonic ancestry]
  9373 | D:9      | Reached XP level 10. HP: 74/74 MP: 14/19
  9429 | D:9      | Found a staircase to the Orcish Mines.
  9679 | Lair:1   | Entered Level 1 of the Lair of Beasts
  9695 | Lair:1   | Noticed a cane toad
  9703 | Lair:1   | Killed a cane toad
  9885 | Lair:1   | Reached skill level 5 in Dodging
 10122 | Lair:1   | You fall into a shaft and drop 1 floor!
 10123 | Lair:2   | Noticed a cane toad
 10136 | Lair:2   | Noticed bakla's ghost (journeyman CoGl)
 10144 | Lair:2   | Noticed a cane toad
 10152 | Lair:2   | Killed a cane toad
 10153 | Lair:2   | Gained mutation: You are mostly covered in icy blue scales.
                  | (AC +3) [demonic ancestry]
 10153 | Lair:2   | Reached XP level 11. HP: 50/86 MP: 6/22
 10796 | Lair:2   | Found a runed translucent door.
 10867 | Lair:2   | Reached skill level 10 in Fire Magic
 10957 | Lair:2   | Noticed a skyshark
 10964 | Lair:2   | Killed a skyshark
 11356 | Lair:2   | Reached XP level 12. HP: 92/92 MP: 16/25
 11627 | Lair:2   | Reached skill level 1 in Staves
 11861 | Lair:1   | Reached skill level 10 in Spellcasting
 12311 | Lair:1   | Reached skill level 1 in Shields
 12832 | Lair:2   | Acquired 1088 gold pieces
 12949 | D:7      | Bought the Elucidation of Bolts and Heat for 1344 gold
                  | pieces
 12956 | D:7      | Learned a level 6 spell: Plasma Beam
 12961 | D:7      | Learned a level 4 spell: Passage of Golubria
 12965 | D:7      | Learned a level 3 spell: Inner Flame
 13475 | Lair:3   | Reached skill level 1 in Air Magic
 13573 | Lair:3   | Found a staircase to the Snake Pit.
 13661 | Lair:3   | Identified the +3 battleaxe of the Little People {freeze,
                  | ^Contam rN+ Will+}
 13907 | Lair:3   | Found a staircase to the Swamp.
 14248 | Lair:3   | Noticed a death yak
 14308 | Lair:3   | Noticed a death yak
 14308 | Lair:3   | Noticed a death yak
 14711 | D:6      | Killed Sigmund
 14871 | D:6      | Found a shimmering blue altar of Sif Muna.
 14997 | D:9      | Killed Erolcha
 14998 | D:9      | Reached skill level 5 in Air Magic
 15038 | Orc:1    | Entered Level 1 of the Orcish Mines
 15236 | Orc:1    | Noticed an orc high priest
 15381 | Orc:1    | Killed an orc high priest
 15486 | Orc:2    | Entered Level 2 of the Orcish Mines
 15487 | Orc:2    | Found Urum Ofi's Gadget Gallery.
 15496 | Orc:2    | Noticed a two-headed ogre
 15507 | Orc:2    | Killed a two-headed ogre
 15508 | Orc:2    | Reached XP level 13. HP: 92/98 MP: 17/27
 15667 | Orc:2    | Found Xedyalubu's Antique Armour Emporium.
 15670 | Orc:2    | Bought a runed buckler for 172 gold pieces
 15709 | Orc:2    | Found a staircase to the Elven Halls.
 15773 | Orc:2    | Reached skill level 5 in Shields
 15952 | Orc:2    | Found a dark tunnel.
 15964 | Volcano  | Entered a volcano
 16411 | Volcano  | Found a radiant altar of Vehumet.
 17270 | Orc:2    | Reached skill level 1 in Polearms
 18757 | Orc:2    | Reached skill level 5 in Staves
 18960 | Orc:2    | Found Ocrulal's Book Boutique.
 18961 | Orc:2    | Found Hapuquck's Magic Scroll Boutique.
 18961 | Orc:2    | Found Ludo Venk's Magic Scroll Shop.
 18962 | Orc:2    | Found Pilah's Magic Scroll Boutique.
 18968 | Orc:2    | Bought a scroll of teleportation for 36 gold pieces
 18968 | Orc:2    | Bought a scroll of teleportation for 36 gold pieces
 18968 | Orc:2    | Bought a scroll of blinking for 90 gold pieces
 18968 | Orc:2    | Bought a scroll of blinking for 90 gold pieces
 18973 | Orc:2    | Bought a scroll of revelation for 90 gold pieces
 18973 | Orc:2    | Bought a scroll of teleportation for 36 gold pieces
 18975 | Orc:2    | Bought a scroll of revelation for 97 gold pieces
 19141 | D:9      | Killed Psyche
 20506 | Lair:4   | Gained mutation: You are completely covered in icy blue
                  | scales. (AC +4, rC+) [demonic ancestry]
 20506 | Lair:4   | Reached XP level 14. HP: 72/105 MP: 26/28
 20950 | Lair:5   | Entered Level 5 of the Lair of Beasts
 21430 | Lair:4   | Reached skill level 10 in Staves
 21584 | Lair:5   | Learned a level 3 spell: Swiftness
 21589 | Lair:5   | Learned a level 4 spell: Airstrike
 21593 | Lair:5   | Learned a level 3 spell: Passwall
 21616 | Lair:5   | Found a runed translucent gate.
 21617 | Lair:5   | Found a runed translucent gate.
 21618 | Lair:5   | Found a runed translucent gate.
 21619 | Lair:5   | Noticed osoart's ghost (journeyman SpAl)
 22031 | D:8      | Bought a +0 pair of gloves for 27 gold pieces
 22834 | Lair:5   | Found a staircase to the Slime Pits.
 23330 | Orc:2    | Bought a scroll of blinking for 97 gold pieces
 23636 | D:8      | Killed Gastronok
 24304 | Lair:5   | Reached skill level 10 in Air Magic
 25031 | Lair:5   | Reached skill level 5 in Armour
 25308 | Lair:5   | Identified the +5 sling of Gluttony {heavy, Str+5}
 25416 | Lair:5   | Killed osoart's ghost
 25417 | Lair:5   | Gained mutation: You are robust. (+10% HP) [demonic
                  | ancestry]
 25417 | Lair:5   | Reached XP level 15. HP: 32/121 MP: 29/29
 25421 | Lair:5   | Incinerated by osoart's ghost

Illustrated notes

Levels and vault maps discovered:
D:1:      dpeg_arrival_simpleton_c, layout_loops_corners
D:2:      layout_loops_ring, uniq_terence, uniq_jessica
D:3:      layout_basic, nicolae_uskayaw_dance_hall, gup_sewer_entry_glass
D:4:      layout_basic, demons_altar
D:5:      layout_loops_ring, lemuel_crystal_altar, amcnicky_mini_pool_small,
          minmay_manual_mullet, uniq_blork_the_orc
D:6:      layout_rooms, tgw_sif, yredelemnul_altar_generic,
          minmay_temple_entry_overgrown, serial_glass, glass_columns_a,
          glass_columns_c, glass_columns_b, glass_columns_b, glass_columns_a,
          glass_columns_b, feat_on_display, due_unseen_surprise,
          minmay_strange_pillars, minmay_strange_pillars, uniq_sigmund
D:7:      layout_cave_pods, zin_scriptorium, cheibriados_altar_1,
          nicolae_shop_i_like_big_books
D:8:      layout_rooms, david_lair_shrubbed, nicolae_shop_clearance, uniq_pikel,
          uniq_gastronok
D:9:      layout_cave_pools, kennysheep_orc_monster_closet_entryway, uniq_erica,
          uniq_psyche, uniq_erolcha
Lair:1:   layout_chaotic_city, grunt_forest_large_clearings, grunt_megastairs_3,
          infiniplex_staircase_pool
Lair:2:   regret_index_harrowing_hell_hive, layout_chaotic_city,
          hellmonk_ghost_happy_afterlife, grunt_megastairs_5
Lair:3:   layout_roguey, minmay_swamp_entry_swarm, guppyfry_snake_entry_garden,
          serial_bayou_pond_b
Lair:4:   layout_concentric_octagons, minmay_lair_oklob_items,
          infiniplex_staircase_pool_2, serial_bayou_shore_a
Lair:5:   due_jungle_book, layout_loops_ring, dpeg_slime_entry_enclosed,
          gammafunk_ghost_split
Orc:1:    layout_caves
Orc:2:    st_orc_pillars, layout_diamond_mine, nicolae_volcano_entry_vermiform,
          serial_shops, nicolae_shop_tiny_real_fake_doors, nicolae_shop_gadgets

Skill      XL: |  1  2  3  4  5  6  7  8  9 10 11 12 13 14 |
---------------+-------------------------------------------+-----
Axes           | 3 5 6 |  6.2
Fighting       | 4 5 8 |  8.0
Maces & Flails | 1 |  1.4
Spellcasting   | 3 4 6 7 9 10 | 10.1
Armour         | 1 5 |  5.0
Dodging        | 1 4 5 6 7 |  7.3
Fire Magic     | 3 5 6 7 8 10 | 10.9
Translocations | 2 4 |  4.1
Staves         | 3 8 10 | 10.0
Shields        | 4 5 |  5.0
Air Magic      | 5 7 10 | 10.0
Polearms       | 4 |  4.3

Action                     |  1- 3 |  4- 6 |  7- 9 | 10-12 | 13-15 || total
---------------------------+-------+-------+-------+-------+-------++-------
  Melee: Hand axe          |   116 |    45 |       |       |       ||   161
         Flail             |       |    76 |    74 |       |    28 ||   178
         Spear             |       |    23 |       |       |    74 ||    97
         Headbutt          |       |     1 |    15 |    21 |   181 ||   218
         Staff             |       |       |    11 |    41 |     1 ||    53
         Dagger            |       |       |       |    10 |       ||    10
         Lajatang          |       |       |       |       |   646 ||   646
  Throw: Boomerang         |       |       |    12 |     3 |     5 ||    20
   Cast: Scorch            |     5 |    42 |   149 |   420 |   216 ||   832
         Blink             |       |       |     1 |     2 |     4 ||     7
 Invoke: Fiery Armour      |     1 |       |     1 |     3 |     2 ||     7
         Rising Flame      |     1 |       |       |       |       ||     1
         Foxfire Swarm     |       |       |     1 |       |       ||     1
  Evoke: Wand              |       |       |       |     1 |       ||     1
    Use: Potion            |     6 |       |     2 |     3 |     5 ||    16
         Scroll            |     5 |     3 |    14 |    12 |    16 ||    50
   Stab: Distracted        |     1 |       |       |       |       ||     1
         Invisible         |       |       |       |       |     7 ||     7
 Armour: Robe              |    87 |    27 |       |       |       ||   114
         Leather armour    |       |     5 |       |       |   107 ||   112
         Ring mail         |       |    90 |   117 |   238 |   176 ||   621
         Skin              |       |       |     2 |       |       ||     2
         Troll leather arm |       |       |       |    29 |   412 ||   441
  Dodge: Dodged            |    68 |   103 |    89 |   174 |   468 ||   902
  Block: Buckler           |       |       |       |    45 |    23 ||    68

Table legend: (Time is in decaauts)
 A = Elapsed time spent in this place.
 B = Non-inter-level travel time spent in this place.
 C = Inter-level travel time spent in this place.
 D = Time resting spent in this place.
 E = Time spent auto-exploring this place.
 F = Levels seen in this place.
 G = Mean time per level.
                   A        B        C        D        E       F      G
               +--------+--------+--------+--------+--------+-----+--------+
         Total |  25581 |  22508 |   3073 |   4875 |  11529 |  18 | 1421.2 |
       Dungeon |  12018 |  10494 |   1524 |   1852 |   6126 |   9 | 1335.3 |
          Lair |   9374 |   8303 |   1071 |   2087 |   4020 |   5 | 1874.8 |
  Orcish Mines |   3184 |   2707 |    477 |    763 |    860 |   2 | 1592.0 |
         Sewer |     65 |     65 |      0 |     18 |     11 |   1 |   65.0 |
       Volcano |    938 |    938 |      0 |    154 |    511 |   1 |  938.0 |
               +--------+--------+--------+--------+--------+-----+--------+

Top non-repeatable levels by time:
  Lair:5: 2378 daAuts
  Lair:2: 2341 daAuts
   Orc:2: 2288 daAuts
     D:8: 1915 daAuts
  Lair:4: 1673 daAuts
  Lair:1: 1654 daAuts
     D:4: 1562 daAuts
     D:6: 1364 daAuts
  Lair:3: 1327 daAuts
     D:5: 1313 daAuts
     D:3: 1310 daAuts
     D:9: 1199 daAuts
     D:7: 1189 daAuts
     D:1: 1087 daAuts
     D:2: 1076 daAuts
